 Dungeon Crawl Stone Soup version 0.32-a0-656-g3542139ebd (webtiles) character file.

Game seed: 12602394965009067236

42 ytrimaz the Ruffian (level 3, 35/35 HPs)
             Began as a Troll Gladiator on Mar 8, 2024.
             Quit the game on level 2 of the Dungeon.
             The game lasted 00:01:36 (940 turns).

ytrimaz the Ruffian (Troll Gladiator)                Turns: 940, Time: 00:01:37

Health: 35/35      AC:  6    Str: 24    XL:     3   Next: 33%
Magic:  2/2        EV: 10    Int:  4    God:
Gold:   93         SH:  0    Dex: 11    Spells: 2/2 levels left

rFire   . .          .
                       - Unarmed
rCold   . . .        (no shield)
rNeg    + . .        a - +0 robe
rPois   .            b - +0 hat
rElec   .            f - +1 cloak
rCorr   .            (gloves unavailable)
SInv    .            (boots unavailable)
Will    .....        (no amulet)
Stlth   +            h - ring of positive energy
HPRegen 1.05/turn    (no ring)
MPRegen 0.08/turn

%: no passive effects
@: no status effects
A: large, unfitting armour, claws 3, regeneration 1, shaggy fur 1, tough skin 1
a: no special abilities


You were on level 2 of the Dungeon.
You visited 1 branch of the dungeon, and saw 2 of its levels.

You collected 93 gold pieces.


Innate Abilities, Weirdness & Mutations

You are too large for most types of armour.
You have claws for hands.
Your natural rate of healing is unusually fast.
You are covered in fur. (AC +1)
You have tough skin. (AC +1)


   Skills:
 + Level 2.0 Fighting
 + Level 2.3 Throwing
 + Level 2.7 Dodging
 + Level 3.4 Unarmed Combat


You had 2 spell levels left.
You didn't know any spells.
Your spell library contained the following spells:

 Spells                   Type           Power      Damage    Failure   Level
 Necrotise                Necr           0%         1d4       50%         1
 Sting                    Conj/Alch      0%         1d3       50%         1
 Ensorcelled Hibernation  Hex/Ice        0%         N/A       65%         2
 Passwall                 Erth           0%         N/A       86%         3
 Swiftness                Air            0%         N/A       86%         3
 Vampiric Draining        Necr           0%         2d6       86%         3
 Martyr's Knell           Necr/Summ      0%         N/A       99%         4
 Curse of Agony           Necr           0%         N/A       100%        5

Inventory:

Missiles
 c - 3 throwing nets (quivered)
 d - a large rock
Armour
 a - a +0 robe (worn)
 b - a +0 hat (worn)
 f - a +1 cloak (worn)
   (You found it on level 1 of the Dungeon)
Jewellery
 e - a ring of ice
   (You found it on level 1 of the Dungeon)
 h - a ring of positive energy (left claw)
   (You found it on level 1 of the Dungeon)
Scrolls
 g - a scroll of teleportation {unknown}
 i - a scroll of immolation {unknown}

Dungeon Overview and Level Annotations

Branches:
Dungeon (2/15) Zot: 11065

Altars:

Shops:
D:2

= #. #. .. ### #. ..#
#.## #.# #..# #.#
#..# #.#
.#####.@####.#####
.......#.........#
.g...##.####.........
##..###>########.####
##..>......# .#
#.....###.# .# #####
#......##.# ##.#
#.... #...###.##.#
#..# #.### .....
.##.###.## #.#


You could see a goblin (wandering).


Message History

You see here a +0 dagger.
Key pressed, stopping explore.
No target in view!
You now have 77 gold pieces (gained 10).
A bat comes into view.
A bat is nearby!
A bat is nearby!
A bat is nearby!
The bat hits you but does no damage. x2
You closely miss the bat. The bat misses you. The bat closely misses you.
The bat barely misses you.
You claw the bat!
You kill the bat!
You see here a bat corpse.
No target in view!
A kobold comes into view. It is wielding a +0 club.
The kobold shouts!
A kobold is nearby!
A kobold is nearby!
You completely miss the kobold. Your claw misses the kobold.
The kobold hits you but does no damage.
You claw the kobold!
You kill the kobold!
No target in view!
Things that are here:
a +0 club; a kobold corpse You now have 82 gold pieces (gained 5).
A bat comes into view.
Found an escape hatch in the ceiling.
Found a stone staircase leading up.
A bat is nearby!
A bat is nearby!
A bat is nearby!
The bat hits you but does no damage.
You scratch the bat. The bat hits you but does no damage.
The bat barely misses you.
You barely miss the bat. The bat hits you but does no damage.
The bat hits you but does no damage.
You closely miss the bat. The bat hits you but does no damage.
A bat is nearby!
A bat is nearby!
You scratch the bat. The bat closely misses you.
You scratch the bat.
You kill the bat!
No target in view!
There is an escape hatch in the ceiling here.
You see here a bat corpse.
There is a stone staircase leading up here.
Found a stone staircase leading up.
A goblin comes into view. It is wielding a +0 club.
A goblin is nearby!
Found Kiedixe Xohi's Jewellery Shoppe.
The goblin shouts!
You hear an angry hiss.
A frilled lizard comes into view.
The frilled lizard hisses angrily.
The goblin closely misses you.
You barely miss the goblin. The goblin hits you but does no damage.
You scratch the goblin. The frilled lizard closely misses you.
The goblin hits you but does no damage.
You claw the goblin!
You kill the goblin!
The frilled lizard bites you but does no damage.
Unknown command.
You closely miss the frilled lizard. The frilled lizard bites you. 😕 HP[-2]
You take 2 damage, and now have 33/35 hp.
You miss the frilled lizard. 😕 HP[+1]
You barely miss the frilled lizard.
The frilled lizard bites you but does no damage. 😎 HP[+1]
Your hp is fully restored (35).
You barely miss the frilled lizard. The frilled lizard bites you. 😕 HP[-3]
You take 3 damage, and now have 32/35 hp.
You closely miss the frilled lizard. The frilled lizard bites you. 😕 HP[-1]
You take 1 damage, and now have 31/35 hp.
A frilled lizard is nearby!
A frilled lizard is nearby!
You miss the frilled lizard.
The frilled lizard bites you but does no damage. 😕 HP[+1]
You claw the frilled lizard!
You kill the frilled lizard! 😕 HP[+1] Unknown command.
You see here a frilled lizard corpse. 😕 HP[+1]
There is an entrance to Kiedixe Xohi's Jewellery Shoppe here. 😎 HP[+1]
Your hp is fully restored (35).
Things that are here:
a +0 club; a goblin corpse
Found an escape hatch in the floor.
Found a stone staircase leading down.
There is a stone staircase leading down here.
You now have 93 gold pieces (gained 11).
A goblin comes into view. It is wielding a +0 dagger.
A goblin is nearby!
A goblin is nearby!
Are you sure you want to abandon this character and quit the game? (Confirm with "yes".)

Skill      XL: |  1  2  3 |
---------------+----------+-----
Throwing       | 2 |  2.3
Fighting       | 2 |  2.0
Dodging        | |  2.7
Unarmed Combat | |  3.4

Action                     || total
---------------------------++-------
  Melee: Unarmed           ||    86
   Stab: Sleeping          ||     1
 Armour: Robe              ||    51
  Dodge: Dodged            ||    32

Levels and vault maps discovered:
D:1:      psy_arrival_conway, layout_basic
D:2:      layout_loops_ring, serial_shops, shop,
          shapermc_ecumenical_altar_rom_forum, st_stairs_13, skrybe_limestone_x

Notes
Turn   | Place    | Note
-------+----------+-------------------------------------------
     0 | D:1      | ytrimaz the Troll Gladiator began the quest for the Orb.
     0 | D:1      | Reached XP level 1. HP: 19/19 MP: 0/0
     0 | D:1      | magus.rc [v1.9.6]
   143 | D:1      | You pick up a book of Burglary and begin reading...
   143 | D:1      | You add the spells Ensorcelled Hibernation, Swiftness and
                  | Passwall to your library.
   226 | D:1      | Reached skill level 2 in Throwing
   228 | D:1      | Reached XP level 2. HP: 28/28 MP: 1/1
   693 | D:2      | Reached XP level 3. HP: 35/35 MP: 2/2
   723 | D:2      | You pick up a book of Necromancy and begin reading...
   723 | D:2      | You add the spells Necrotise, Vampiric Draining, Martyr's
                  | Knell and Curse of Agony to your library.
   735 | D:2      | Reached skill level 2 in Fighting
   736 | D:2      | Found a faded altar of an unknown god.
   742 | D:2      | Got Plato's Opusculum on Synthesis
   750 | D:2      | magus.rc [v1.9.6]
   888 | D:2      | Found Kiedixe Xohi's Jewellery Shoppe.
   940 | D:2      | Quit the game

Vanquished Creatures
  3 dart slugs
  2 ball pythons
  6 bats
  4 endoplasms
  2 giant cockroaches
  3 goblins
  3 hobgoblins
  3 kobolds
  3 frilled lizards
  4 rats (D:1)
33 creatures vanquished.

Table legend:
 A = Non-vault XP
 B = Vault XP
 C = Vault XP percentage of total XP
 D = Non-vault monster count
 E = Vault monster count
 F = Vault count percentage of total count
                 A         B        C        D         E       F
            +---------+---------+-------+---------+---------+-------
      Total |      58 |       2 |   3.3 |      32 |       1 |   3.0
            +---------+---------+-------+---------+---------+-------
        D:1 |      37 |       0 |   0.0 |      20 |       0 |   0.0
        D:2 |      21 |       2 |   8.7 |      12 |       1 |   7.7
            +---------+---------+-------+---------+---------+-------

Skill      XL: |  1  2  3 |
---------------+----------+-----
Throwing       | 2 |  2.3
Fighting       | 2 |  2.0
Dodging        | |  2.7
Unarmed Combat | |  3.4

Action                     || total
---------------------------++-------
  Melee: Unarmed           ||    86
   Stab: Sleeping          ||     1
 Armour: Robe              ||    51
  Dodge: Dodged            ||    32

Illustrated notes

Table legend:
 A = Kills in this place as a percentage of kills in the entire game.
 B = Kills by you in this place as a percentage of kills by you in the entire game.
 C = Kills by friends in this place as a percentage of kills by friends in the entire game.
 D = Other kills in this place as a percentage of other kills in the entire game.
 E = Experience gained in this place as a percentage of experience gained in the entire game.
 F = Experience gained in this place divided by the number of levels of this place that you have seen.
                   A       B       C       D       E      F
               +-------+-------+-------+-------+-------+----------------------
         Total | 100.0 | 100.0 |   N/A |   N/A | 100.0 |  30.0
       Dungeon | 100.0 | 100.0 |   N/A |   N/A | 100.0 |  30.0
               +-------+-------+-------+-------+-------+----------------------

Table legend: (Time is in decaauts)
 A = Elapsed time spent in this place.
 B = Non-inter-level travel time spent in this place.
 C = Inter-level travel time spent in this place.
 D = Time resting spent in this place.
 E = Time spent auto-exploring this place.
 F = Levels seen in this place.
 G = Mean time per level.
                   A        B        C        D        E       F      G
               +--------+--------+--------+--------+--------+-----+--------+
         Total |    934 |    890 |     44 |      0 |    660 |   2 |  467.0 |
       Dungeon |    934 |    890 |     44 |      0 |    660 |   2 |  467.0 |
               +--------+--------+--------+--------+--------+-----+--------+

Top non-repeatable levels by time:
     D:1: 680 daAuts
     D:2: 253 daAuts
